 Dungeon Crawl Stone Soup version 0.22.0-21-g8bd1b0a (webtiles) character file.

123 Larett the Chopper (level 4, -1/41 HPs)
             Began as a Minotaur Berserker on Aug 19, 2018.
             Was a Believer of Trog.
             Slain by an orc
             ... wielding a +0 short sword
              (6 damage)
             ... on level 3 of the Dungeon.
             The game lasted 00:05:26 (2006 turns).

Larett the Chopper (Minotaur Berserker)             Turns: 2006, Time: 00:05:27

Health: -1/41      AC:  2    Str: 21    XL:     4   Next: 79%
Magic:  3/3        EV: 12    Int:  4    God:    Trog [**....]
Gold:   104        SH:  0    Dex: 11    Spells: 3/3 levels left

rFire    + . .     SeeInvis .   a - +0 hand axe
rCold    x . .     Gourm    .   (no shield)
rNeg     . . .     Faith    .   b - +0 animal skin
rPois    .         Spirit   .   (helmet restricted)
rElec    .         Reflect  .   (no cloak)
rCorr    .         Harm     .   (no gloves)
MR       .....                  (no boots)
Stlth    +.........             r - amulet of regeneration
HPRegen  0.53/turn              l - ring of fire
MPRegen  0.08/turn              (no ring)

@: no status effects
A: retaliatory headbutt, horns 2
a: Berserk, Trog's Hand, Renounce Religion


You were on level 3 of the Dungeon.
You worshipped Trog.
Trog was pleased with you.
You were not hungry.

You visited 1 branch of the dungeon, and saw 3 of its levels.

You collected 104 gold pieces.

Inventory:

Hand Weapons
 a - a +0 hand axe (weapon)
 m - a +0 mace of venom
Missiles
 e - 42 stones (quivered)
 t - 30 sling bullets
 w - 14 bolts
 S - 20 arrows
Armour
 b - a +0 animal skin (worn)
 v - a +0 ring mail
Jewellery
 l - a ring of fire (left hand)
 r - an amulet of regeneration (around neck)
Wands
 P - a wand of paralysis (12)
Scrolls
 d - a scroll of enchant armour {unknown}
 g - a scroll of fear {unknown}
 h - 9 scrolls of identify {unknown}
 y - 2 scrolls of magic mapping {unknown}
 R - a scroll of immolation {unknown}
Potions
 i - a potion of invisibility {unknown}
 j - 2 potions of haste {unknown}
 k - a potion of might {unknown}
 o - 2 potions of ambrosia {unknown}
 p - a potion of cancellation {unknown}
 q - a potion of resistance {unknown}
 u - a potion of mutation {unknown}
 Q - a potion of lignification {unknown}
Comestibles
 c - 3 rations


   Skills:
 + Level 4.8 Fighting
 * Level 5.9 Axes
 - Level 2.4 Armour
 - Level 2.1 Dodging


You had 3 spell levels left.
You didn't know any spells.
Your spell library was empty.

Dungeon Overview and Level Annotations

Branches:
Dungeon (3/15)

Altars:
Xom


Innate Abilities, Weirdness & Mutations

You reflexively headbutt those who attack you in melee.
You have a pair of horns on your head.


Message History

The orc wizard closely misses you.
You hit the orc wizard.
The orc wizard is heavily wounded.
The orc wizard hits you but does no damage.
The orc wizard hits you with a dagger.
You slash the orc wizard!
You kill the orc wizard!
Trog accepts your kill.
Trog appreciates your killing of a magic user.
The orc priest invokes the aid of Beogh against you.
Beogh smites you!
You barely miss the orc. Your headbutt misses the orc.
The orc priest mumbles some strange prayers to Beogh against you.
Beogh smites you!
* * * LOW HITPOINT WARNING * * *
The orc completely misses you.
You hit the orc but do no damage. You headbutt the orc.
The orc is severely wounded.
The orc hits you with a short sword.
You die...

#.# #.# #.# #.# ######## #.#
#......# #.# #.####.# #o#
####.#.##.# #o#
#.....#.#.####@######
#.##.#.......))....)#########
#.##.####.###...###.........#
#.##.####.##.....##########.#
#.##......###...## #.#
#.######### ##.## #.# #.# #.#
#.# ###.##### #.# #.#
........# ##+## #########.#


You could see an orc priest and an orc.

Vanquished Creatures
  An orc priest (D:3)
  An orc wizard (D:3)
  A gnoll (D:1)
  An adder (D:3)
  A worm (D:3)
  4 dart slugs
  A leopard gecko (D:1)
  An orc (D:3)
  3 giant cockroaches
  6 hobgoblins
  4 kobolds
  A quokka (D:3)
  4 bats
  3 frilled lizards (D:1)
  2 goblins (D:1)
  5 rats
39 creatures vanquished.

Notes
Turn   | Place    | Note
-------+----------+-------------------------------------------
     0 | D:1      | Larett the Minotaur Berserker began the quest for the Orb.
     0 | D:1      | Reached XP level 1. HP: 19/19 MP: 0/0
    30 | D:1      | Reached skill level 4 in Axes
    30 | D:1      | Reached XP level 2. HP: 18/27 MP: 1/1
   429 | D:1      | Reached XP level 3. HP: 28/33 MP: 2/2
   919 | D:2      | Reached ** piety under Trog
  1434 | D:3      | Reached skill level 5 in Axes
  1628 | D:3      | Found a shimmering altar of Xom.
  1996 | D:3      | Reached XP level 4. HP: 39/41 MP: 3/3
  2005 | D:3      | HP: 5/41 [orc priest/divine providence (13)]
  2006 | D:3      | Slain by an orc

Skill      XL: |  1  2  3 |
---------------+----------+-----
Axes           | 4 5 |  5.9
Fighting       | 4 |  4.8
Armour         | |  2.4
Dodging        | |  2.1

Action                   |  1- 3 |  4- 6 || total
-------------------------+-------+-------++-------
Melee: Hand axe          |    70 |     9 ||    79
       Headbutt          |    13 |     3 ||    16
 Stab: Sleeping          |     1 |       ||     1
  Eat: Chunk             |     3 |       ||     3
Armor: Animal skin       |    21 |       ||    21
Dodge: Dodged            |    43 |     4 ||    47
